 Dungeon Crawl Stone Soup version 0.28-a0-1485-g077359a4bf (webtiles) character file.

Game seed: 16500990002455838314

109 kae the Ruffian (level 4, 0/35 HPs)
             Began as a Draconian Transmuter on Jan 11, 2022.
             Succumbed to an adder's poison
             ... on level 4 of the Dungeon.
             The game lasted 00:02:43 (3938 turns).

kae the Ruffian (Draconian Transmuter)              Turns: 3938, Time: 00:02:43

Health: 0/35       AC:  2    Str: 13    XL:     4   Next: 59%
Magic:  2/7        EV: 19    Int: 15    God:
Gold:   156        SH:  0    Dex: 16    Spells: 4/8 levels left

rFire   . . .      SeeInvis +     - Unarmed
rCold   . . .      Faith    .   (shield currently unavailable)
rNeg    . . .      Spirit   .   (armour unavailable)
rPois   x          Reflect  .   (helmet currently unavailable)
rElec   .          Harm     .   (cloak currently unavailable)
rCorr   .          Rampage  .   (gloves currently unavailable)
Will    .....                   (boots currently unavailable)
Stlth   +.........              (no amulet)
HPRegen 0.11/turn               m - ring of see invisible
MPRegen 0.10/turn               (no ring)

@: brilliant, lethally poisoned (0 -> -4), spider-form (expiring)
A: venomous fangs, AC +5, tiny, unfitting armour, (cold-blooded)
a: End Transformation


You were on level 4 of the Dungeon.
You were a venomous arachnid creature.
You visited 1 branch of the dungeon, and saw 5 of its levels.

You collected 156 gold pieces.

Inventory:

Hand Weapons
 g - a +0 spear (melded)
Armour
 h - a +0 pair of boots (melded)
 n - a +2 hat (melded)
Jewellery
 m - a ring of see invisible (left front leg)
Wands
 c - a wand of paralysis (8)
Scrolls
 a - a scroll of noise
 e - a scroll of magic mapping
Potions
 b - a potion of invisibility {unknown}
 d - a potion of heal wounds
 f - a potion of degeneration
 i - a potion of lignification
 j - a potion of might


   Skills:
 - Level 1.1 Fighting
 - Level 1.7 Dodging
 * Level 4.1 Unarmed Combat
 + Level 2.5 Spellcasting
 * Level 3.2 Transmutations
 - Level 1.0 Poison Magic


You had 4 spell levels left.
You knew the following spells:

 Your Spells              Type           Power      Damage    Failure   Level
a - Beastly Appendage     Tmut           34%        N/A       16%         1
b - Spider Form           Tmut/Pois      12%        N/A       47%         3

Your spell library contained the following spells:

 Spells                   Type           Power      Damage    Failure   Level
 Wereblood                Tmut           17%        N/A       22%         2
 Ozocubu's Armour         Ice            2%         N/A       75%         3
 Ice Form                 Ice/Tmut       10%        N/A       87%         4
 Petrify                  Tmut/Erth      10%        N/A       87%         4
 Metabolic Englaciation   Hex/Ice        1%         N/A       100%        5
 Dispersal                Tloc           1%         N/A       100%        6
 Statue Form              Tmut/Erth      6%         N/A       100%        6
 Ozocubu's Refrigeration  Ice            1%         4d5       100%        7
 Disjunction              Tloc           1%         N/A       100%        8


Dungeon Overview and Level Annotations

Branches:
Dungeon (5/15)
 Temple: D:4-7

Altars:
Dithmenos
Sif Muna

Shops:
D:1 (

Annotations:
D:4 Blork the orc


Innate Abilities, Weirdness & Mutations

You are a venomous arachnid creature.
You have poisonous fangs.
You are tiny and dextrous.
Your spellcasting is less reliable in this form.
Your armour is entirely melded.
You are incapable of wielding weapons or throwing items.
((Your plain brown scales are hard. (AC +5)))
You cannot fit into any form of body armour.
((You are cold-blooded and may be slowed by cold attacks.))


Message History

The jackal is almost dead.
The jackal completely misses you.
You hit the jackal.
You kill the jackal!
You hit the jackal.
The jackal is lightly wounded.
The jackal barely misses you.
You hit the jackal but do no damage.
The jackal is poisoned.
The jackal is lightly wounded.
The jackal bites you.
* * * LOW HITPOINT WARNING * * *
The jackal barely misses you.
You hit the jackal.
The jackal looks as sick as possible!
The jackal is almost dead.
You kill the jackal!
You hit the adder.
The adder is poisoned.
The adder is lightly wounded.
The adder bites you.
* * * LOW HITPOINT WARNING * * *
You are lethally poisoned!
The adder poisons you! The adder misses you.
You barely miss the adder.
The adder is moderately wounded.
* * * LOW HITPOINT WARNING * * *
You feel sick. The adder misses you.
You closely miss the adder.
The adder is moderately wounded.
* * * LOW HITPOINT WARNING * * *
You feel sick. The adder barely misses you.
You bite the adder!
You kill the adder!
Your transformation is almost over.
* * * LOW HITPOINT WARNING * * *
You feel sick.
You bite the jackal!
You kill the jackal!
* * * LOW HITPOINT WARNING * * *
You feel sick. The jackal closely misses you.
You completely miss the jackal.
You die...

#
########h..#
#...h.hSh...
#.##########
#.# #h# #s#
#.# #.. ####


You could see a jackal.

Vanquished Creatures
  4 adders
  3 worms (D:2)
  A dart slug (D:3)
  4 orcs
  8 bats
  2 endoplasms (D:2)
  A giant cockroach (D:1)
  8 goblins
  A hobgoblin (D:3)
  6 jackals
  6 kobolds
  A quokka (D:2)
  5 ball pythons
  2 frilled lizards (D:1)
  4 rats
56 creatures vanquished.

Vanquished Creatures (others)
  3 plants (D:2)
3 creatures vanquished.

Grand Total: 59 creatures vanquished

Notes
Turn   | Place    | Note
-------+----------+-------------------------------------------
     0 | D:1      | kae the Draconian Transmuter began the quest for the Orb.
     0 | D:1      | Reached XP level 1. HP: 16/16 MP: 3/3
   164 | D:1      | Reached XP level 2. HP: 23/23 MP: 3/5
   696 | D:1      | Found Xoycs's Antique Weapon Emporium.
  1014 | D:2      | Reached XP level 3. HP: 20/28 MP: 4/6
  1128 | D:1      | Learned a level 3 spell: Spider Form
  1600 | D:2      | Found a faded altar of an unknown god.
  2065 | D:2      | Reached XP level 4. HP: 15/35 MP: 7/7
  2442 | D:3      | Identified a scroll of acquirement
  2442 | D:3      | Acquired a book of Sloth
  2669 | D:3      | Reached skill level 4 in Unarmed Combat
  2669 | D:3      | Reached skill level 1 in Poison Magic
  3252 | D:4      | Found a shimmering blue altar of Sif Muna.
  3440 | D:4      | Noticed Blork the orc
  3894 | D:5      | Entered Level 5 of the Dungeon
  3895 | D:5      | Found a shadowy altar of Dithmenos.
  3896 | D:5      | Noticed a scorpion
  3896 | D:5      | Noticed a black bear
  3936 | D:4      | HP: 1/35 [poisoned by an adder]
  3938 | D:4      | Succumbed to an adder's poison

Illustrated notes

Levels and vault maps discovered:
D:1:      ncdulo_wetmaze, layout_basic, serial_shops, nicolae_square_shop
D:2:      layout_basic, serial_forest, infiniplex_forest_lined_room_2,
          infiniplex_forest_diagonal, infiniplex_forest_clump_curved,
          infiniplex_forest_straight_1, infiniplex_forest_end_2,
          infiniplex_forest_pool, ebering_ecumenical_altar_sacrificial
D:3:      layout_loops_cross, minmay_hedge_maze, grunt_decor_cap
D:4:      layout_basic, lemuel_tele_altar, uniq_blork_the_orc
D:5:      layout_basic, grunt_dithmenos_smoke_and_mirrors,
          minmay_temple_entry_large_hall, minivault_19

Skill      XL: |  1  2  3  4 |
---------------+-------------+-----
Unarmed Combat | 4 |  4.1
Transmutations | 3 |  3.2
Poison Magic   | 1 |  1.0
Fighting       | |  1.1
Dodging        | |  1.7
Spellcasting   | |  2.5

Action                   |  1- 3 |  4- 6 || total
-------------------------+-------+-------++-------
Melee: Unarmed           |    37 |    22 ||    59
       Kick              |    14 |     1 ||    15
       Tailslap          |     7 |     6 ||    13
       Headbutt          |     4 |     2 ||     6
       Spear             |    69 |    40 ||   109
       Punch             |     2 |     2 ||     4
 Cast: Beastly Appendage |    21 |     5 ||    26
       Spider Form       |     1 |     2 ||     3
  Use: Scroll            |       |    12 ||    12
       Potion            |       |     3 ||     3
 Stab: Sleeping          |     3 |     1 ||     4
Armor: Skin              |    51 |    22 ||    73
Dodge: Dodged            |    85 |    45 ||   130

Table legend: (Time is in decaauts)
 A = Elapsed time spent in this place.
 B = Non-inter-level travel time spent in this place.
 C = Inter-level travel time spent in this place.
 D = Time resting spent in this place.
 E = Time spent auto-exploring this place.
 F = Levels seen in this place.
 G = Mean time per level.
                   A        B        C        D        E       F      G
               +--------+--------+--------+--------+--------+-----+--------+
         Total |   3942 |   3852 |     90 |    410 |   2863 |   5 |  788.4 |
       Dungeon |   3942 |   3852 |     90 |    410 |   2863 |   5 |  788.4 |
               +--------+--------+--------+--------+--------+-----+--------+

Top non-repeatable levels by time:
     D:2: 1321 daAuts
     D:1: 1124 daAuts
     D:3: 754 daAuts
     D:4: 738 daAuts
     D:5: 4 daAuts
